 Dungeon Crawl Stone Soup version 0.17-a0-1910-g4c791fa (webtiles) character file.

162220 Ijustatesigmund the Bludgeoner (level 17, 0/163 HPs)
             Began as a Minotaur Berserker on Sept 25, 2015.
             Was the Champion of Trog.
             Drowned by a water elemental (4 damage)
             ... on level 1 of the Shoals.
             The game lasted 01:59:02 (25373 turns).

Ijustatesigmund the Bludgeoner (MiBe)              Turns: 25373, Time: 01:59:02

Health: 0/163      AC: 21    Str: 25    XL:     17   Next: 21%
Magic:  6/6        EV: 18    Int:  4    God:    Trog [******]
Gold:   1618       SH:  6    Dex: 15    Spells: 0 memorised, 16 levels left

rFire  . . .     SeeInvis +     H - +7 demon whip (antimagic)
rCold  . . .     Clarity  +     F - +4 ring mail "Ostrutana" {rElec Str+2}
rNeg   . . .     SustAt   .     G - +0 buckler "Orrumeix" {+Blink Regen+ Str-4 Slay+6}
rPois  .         Gourm    .     p - +2 hat
rElec  +         Spirit   .     (no cloak)
rCorr  .         Warding  .     h - +2 pair of gloves {Str+3}
rMut   .         Stasis   .     t - +2 pair of boots
MR     +++..                    x - amulet of clarity
Stlth  +.........               B - ring of see invisible
                                q - +5 ring of slaying

@: engulfed (cannot breathe), very slightly contaminated, regenerating, hasted,
very quick, extremely resistant to hostile enchantments, very unstealthy
A: retaliatory headbutt, horns 2, sense surroundings 1
a: Burn Spellbooks, Berserk, Trog's Hand, Brothers in Arms, Renounce Religion,
Evoke Blink


You were on level 1 of the Shoals.
You worshipped Trog.
Trog was exalted by your worship.
You were very hungry.

You visited 5 branches of the dungeon, and saw 30 of its levels.
You visited 1 bazaar.
You also visited: Labyrinth and Bailey.

You collected 3366 gold pieces.
You spent 1748 gold pieces at shops.

Inventory:

Hand weapons
 H - a +7 antimagic demon whip (weapon)
Missiles
 s - 8 poisoned javelins (quivered)
 W - 5 javelins of penetration
Armour
 h - a +2 pair of gloves of strength (worn)
 p - a +2 hat (worn)
 t - a +2 pair of boots (worn)
 F - the +4 ring mail "Ostrutana" (worn) {rElec Str+2}
   (You took it off a kobold in a bailey)

   It affects your strength (+2).
   It insulates you from electricity.
 G - the +0 buckler "Orrumeix" (worn) {+Blink Regen+ Str-4 Slay+6}
   (You found it on level 7 of the Dungeon)

   It affects your strength (-4).
   It affects your accuracy and damage with ranged weapons and melee attacks
   (+6).
   It lets you blink.
   It increases your rate of regeneration.
Jewellery
 b - an uncursed ring of protection from cold
 q - a +5 ring of slaying (left hand)
 x - an amulet of clarity (around neck)
 A - an uncursed ring of protection from magic
 B - a ring of see invisible (right hand)
 R - an uncursed ring of poison resistance
 V - an uncursed amulet of regeneration
Magical devices
 r - a wand of heal wounds (0)
 u - a wand of fire (7)
 C - a wand of cold (6)
 D - a wand of teleportation (4)
 J - a wand of lightning (5)
 N - a wand of digging (13)
 O - a wand of enslavement (5)
 Y - a wand of fireball (4)
Scrolls
 a - 4 scrolls of recharging
 f - 5 scrolls of blinking
 n - 11 scrolls of teleportation
 w - 2 scrolls of immolation
 y - 2 scrolls of torment
 L - 16 scrolls of remove curse
 Q - a scroll of enchant armour
 T - 8 scrolls of identify
 U - 4 scrolls of fear
 X - 4 scrolls of magic mapping
 Z - a scroll of silence
Potions
 d - 5 potions of brilliance
 g - 5 potions of flight
 i - a potion of might
 j - 4 potions of curing
 k - 2 potions of agility
 m - 3 potions of resistance
 o - 3 potions of haste
 M - 4 potions of cancellation
Comestibles
 c - 18 bread rations
 z - 8 meat rations
 I - 4 beef jerkies


   Skills:
 + Level 17.8 Fighting
 * Level 20.5 Maces & Flails
 + Level 10.7 Throwing
 + Level 13.6 Armour
 + Level 11.3 Dodging
 - Level 7.8 Shields
 - Level 6.4 Evocations


You had 16 spell levels left.
You didn't know any spells.

Dungeon Overview and Level Annotations

Branches:
Dungeon (15/15)            Temple (0/1) D:4            Lair (8/8) D:11
 Shoals (1/4) Lair:6        Snake (0/4) Lair:6        Slime (0/6) Lair:8
    Orc (4/4) D:12            Elf (0/3) Orc:3        Vaults (0/5) D:14
 Depths (2/5) D:15

Altars:
Ashenzari
Elyvilon
Ru
Sif Muna
Vehumet
Xom
Zin
The Shining One
Beogh

Shops:
D:5 %[*((   D:8 %?   Orc:4 =??}

Portals:
Hell: Depths:1
Abyss: Depths:1


Innate Abilities, Weirdness & Mutations

You reflexively headbutt those who attack you in melee.
You have a pair of horns on your head.
You passively map a small area around you.


Message History

Okay, then.
Read which item? (? for menu, Esc to quit)
You cannot read scrolls while unable to breathe!
Use which ability?
Your skin crawls.
You feel resistant to hostile enchantments.
You feel slightly more hungry.
* * * LOW HITPOINT WARNING * * *
Your lungs strain for air!
The tentacle slaps you but does no damage.
The water elemental completely misses you.
You furiously retaliate!
You headbutt the water elemental! The tentacle barely misses you.
The kraken bites you!
* * * LOW HITPOINT WARNING * * *
Your stone giant hits the tentacle!!
The tentacle dies!
You block the merfolk's attack.
You whack the water elemental! You headbutt the water elemental!
The water elemental is severely damaged.
You die...

*≈≈≈≈≈≈≈≈≈≈≈≈≈≈≈
≈≈≈≈≈≈≈≈≈≈≈≈≈≈≈ ≈ ≈
≈≈≈≈≈≈≈≈≈≈≈≈≈≈≈≈ ≈
≈≈≈≈≈≈≈≈≈≈≈≈≈≈≈≈≈≈≈≈≈
≈≈≈≈≈≈≈≈≈≈§≈≈≈≈≈≈≈≈≈≈≈
≈≈≈≈≈≈≈≈≈≈§≈≈≈≈≈≈≈≈≈≈≈
≈≈≈≈≈§§*§≈≈≈≈≈≈≈≈≈≈≈≈≈≈
≈≈≈≈≈§X§w≈..≈≈≈≈≈≈≈≈≈≈
≈≈≈≈≈§C@§≈≈≈.≈≈≈≈≈≈≈≈≈
≈≈≈≈≈§§§E≈≈≈....≈≈≈≈≈≈
≈
≈≈≈≈§§§m≈m≈)....≈≈≈≈≈≈
≈≈≈≈≈≈≈≈≈...##<.≈≈≈≈≈≈
≈
≈≈≈≈≈≈≈≈.[.###..≈≈≈≈≈≈
≈≈≈≈≈≈≈≈≈≈>≈ ...≈≈≈≈≈≈
≈≈≈≈≈≈≈≈≈≈≈≈≈...≈≈≈≈≈≈
*≈≈≈≈≈≈≈≈≈≈≈≈≈≈.≈≈.≈≈≈≈
≈≈≈≈≈≈≈≈≈≈≈.≈≈....≈..


You could see a kraken, 2 merfolk, a tentacle, a water elemental and a friendly
stone giant (berserk).

Vanquished Creatures
  A lich (Depths:2)
  Gastronok (Lair:3)
  2 shadow dragons (Depths:2)
  Roxanne (D:14)
  A frost giant (Depths:1)
  6 very ugly things (Depths:1)
  2 stone giants
  A vampire knight (Depths:2)
  A lorocyproca (Depths:1)
  Azrael (Orc:4)
  A deep elf death mage (Depths:2)
  A vault guard (D:14)
  A minotaur (Lab)
  Snorg (Orc:1)
  2 fire dragons (Depths:1)
  A yaktaur captain (Depths:1)
  2 ettins (Depths:1)
  Josephine (D:12)
  3 ice dragons (Depths:1)
  14 hydras
  A rakshasa (Depths:1)
  2 entropy weavers (Depths:1)
  6 ogre magi
  A spriggan air mage (Depths:1)
  A merfolk avatar (Shoals:1)
  Erolcha (Orc:1)
  A death yak (Lair:6)
  A merfolk aquamancer (Shoals:1)
  A spectral fire giant (Depths:2)
  6 centaur warriors
  3 tengu warriors (Depths:1)
  5 deep troll earth magi (Depths:1)
  The ghost of Goblin1989 the Covert, a powerful VSMo of Ashenzari (Lair:1)
  A spriggan berserker (Depths:2)
  A vampire mage (Depths:1)
  Sonja (Lair:3)
  Nergalle (Lair:4)
  3 wizards
  6 skeletal warriors
  6 hill giants
  5 unseen horrors
  3 griffons
  2 lindwurms
  3 deep trolls (Depths:1)
  A necromancer (Lair:6)
  2 deep elf conjurers (D:15)
  A wolf spider zombie (D:14)
  A cyclops (D:12)
  An iron dragon zombie (Depths:2)
  A stone giant zombie (Depths:2)
  20 ugly things
  9 orc sorcerers
  11 elephants
  2 manticores
  A siren (Lair:6)
  A sixfirhy (Depths:1)
  2 black mambas
  8 yaktaurs
  2 gargoyles
  12 spiny frogs
  8 komodo dragons
  5 fire drakes
  2 kobold demonologists (D:14)
  2 spriggan druids (Lair:8)
  A tengu conjurer (D:14)
  2 polar bears (Lair:8)
  20 two-headed ogres
  A blue devil (Depths:1)
  A boulder beetle (Lair:8)
  7 blink frogs
  Prince Ribbit (D:6)
  A jumping spider (Depths:1)
  5 trolls
  A merfolk (Shoals:1)
  9 slime creatures
  A centaur simulacrum (D:14)
  4 wraiths
  9 redbacks
  12 spriggans (Lair:8)
  A water elemental (Shoals:1)
  A spriggan skeleton (Depths:2)
  3 shadows
  A deep elf fighter (D:11)
  3 fire elementals (Orc:4)
  22 yaks
  2 air elementals (Depths:1)
  3 deep elf magi
  3 wyverns
  4 basilisks
  A hog (shapeshifter) (D:14)
  8 hippogriffs
  A human (D:7)
  8 vampire mosquitoes
  3 hungry ghosts
  17 wolves
  16 water moccasins
  A hog (D:7)
  2 insubstantial wisps (Lair:5)
  2 mottled dragons
  2 nagas (Lair:6)
  9 wargs (Orc:4)
  7 sky beasts
  7 porcupines
  Duvessa (D:7)
  5 black bears
  A phantom (D:8)
  3 ice beasts
  12 hell hounds
  28 orc warriors
  5 wasps
  An eye of draining (D:10)
  7 boggarts (Depths:1)
  16 crocodiles
  42 ogres
  21 centaurs
  5 big kobolds
  3 komodo dragon zombies (Lair:6)
  3 brain worms
  37 giant frogs
  A gnoll sergeant (D:12)
  A wyvern zombie (D:14)
  Dowan (D:7)
  5 scorpions
  A water moccasin skeleton (D:7)
  2 vampire bats (Lair:3)
  6 electric eels
  9 wights
  14 killer bees
  6 hounds
  3 centaur zombies
  4 crimson imps
  A quasit (D:8)
  20 orc priests
  48 orc wizards
  5 jellies
  Ijyb (D:2)
  4 centaur skeletons
  4 giant frog skeletons
  8 iguanas
  Jessica (D:2)
  Terence (D:2)
  A gnoll shaman (D:7)
  10 worker ants
  4 sheep
  An ogre zombie (Orc:1)
  A worker ant zombie (D:9)
  16 gnolls
  11 adders
  49 river rats
  4 shadow imps
  2 oozes
  3 adder zombies
  3 worms (D:2)
  The ghost of ololoev the Skirmisher, a weakling HOFi (D:4)
  5 giant geckos
  156 orcs
  2 ball pythons
  35 bats
  8 giant cockroaches
  18 goblins
  5 hobgoblins
  5 jackals
  45 kobolds
  6 quokkas
  A giant gecko zombie (D:8)
  4 giant newts
  2 quokka skeletons
  A quokka zombie (D:10)
  11 rats
  5 fungi
  A plant (Lair:6)
1152 creatures vanquished.

Vanquished Creatures (collateral kills)
  Saint Roka (Orc:4)
  A centaur warrior (Depths:1)
  A deep troll shaman (Depths:1)
  A deep troll (Depths:1)
  An orc sorcerer (Orc:4)
  3 orcs (Orc:4)
  3 tentacles (Shoals:1)
11 creatures vanquished.

Vanquished Creatures (others)
  A manticore (D:14)
  A warg (Orc:4)
  2 boggarts (Depths:1)
  2 orc wizards (Orc:4)
  5 orcs (Orc:4)
  20 fungi
  6 plants
  2 tentacles (Shoals:1)
  57 tentacle segments (Shoals:1)
96 creatures vanquished.

Grand Total: 1259 creatures vanquished

Notes
Turn   | Place    | Note
--------------------------------------------------------------
     0 | D:1      | Ijustatesigmund the Minotaur Berserker began the quest for the Orb.
     0 | D:1      | Reached XP level 1. HP: 19/19 MP: 0/0
   122 | D:1      | Reached skill level 4 in Maces & Flails
   200 | D:1      | Reached XP level 2. HP: 24/27 MP: 1/1
   738 | D:2      | Noticed Terence
   743 | D:2      | Acquired Trog's second power
   746 | D:2      | Killed Terence
   746 | D:2      | Reached XP level 3. HP: 34/34 MP: 2/2
   807 | D:2      | Noticed Ijyb
   824 | D:2      | Killed Ijyb
   824 | D:2      | Reached skill level 5 in Maces & Flails
   824 | D:2      | Reached XP level 4. HP: 25/41 MP: 3/3
   922 | D:2      | Noticed Jessica
   933 | D:2      | Killed Jessica
   933 | D:2      | Reached skill level 5 in Fighting
  1254 | D:2      | Reached XP level 5. HP: 48/48 MP: 4/4
  1825 | D:3      | Found a radiant altar of Vehumet.
  1825 | D:3      | Found a glowing golden altar of the Shining One.
  1825 | D:3      | Found a shimmering altar of Xom.
  2305 | D:4      | Reached skill level 6 in Maces & Flails
  2328 | D:4      | Noticed ololoev's ghost (weakling HOFi)
  2335 | D:4      | Killed ololoev's ghost
  2440 | D:4      | Reached skill level 7 in Maces & Flails
  2440 | D:4      | Reached XP level 6. HP: 50/56 MP: 5/5
  2566 | D:4      | Found a staircase to the Ecumenical Temple.
  2628 | D:4      | Noticed a black bear
  2635 | D:4      | Killed a black bear
  2635 | D:4      | Reached skill level 8 in Maces & Flails
  2829 | D:4      | Noticed an angel
  2830 | D:4      | Found a glowing silver altar of Zin.
  2867 | D:5      | Entered Level 5 of the Dungeon
  2875 | D:5      | Reached skill level 9 in Maces & Flails
  2875 | D:5      | Reached XP level 7. HP: 61/61 MP: 6/6
  2889 | D:5      | Found a deep blue altar of Sif Muna.
  2983 | D:5      | Found Zufriv Pou's Antique Weapon Emporium.
  3002 | D:5      | Found Qobb's General Store.
  3010 | D:5      | Bought a scroll of identify for 24 gold pieces
  3032 | D:5      | Found a sacrificial altar of Ru.
  3046 | D:5      | Found Der Ixec's Antique Weapon Shoppe.
  3147 | D:5      | Noticed a water moccasin
  3155 | D:5      | Killed a water moccasin
  3269 | D:5      | Found Zorr's Antique Armour Shoppe.
  3273 | D:5      | Bought a shiny ring mail for 96 gold pieces
  3348 | D:5      | Reached skill level 10 in Maces & Flails
  3445 | D:5      | Found Viguorcha's Food Boutique.
  3618 | D:6      | Reached XP level 8. HP: 69/69 MP: 7/7
  3701 | D:6      | Reached skill level 11 in Maces & Flails
  3946 | D:6      | Noticed Prince Ribbit
  3976 | D:6      | Killed Prince Ribbit
  4294 | D:7      | Found a white marble altar of Elyvilon.
  4329 | D:7      | Reached skill level 1 in Throwing
  4361 | D:7      | Reached XP level 9. HP: 64/78 MP: 8/8
  4399 | D:7      | Acquired Trog's third power
  4423 | D:7      | Got a spiked buckler
  4429 | D:7      | Identified the +0 buckler "Orrumeix" {+Blink Regen+ Str-4 Slay+6} (You found it on level 7 of the Dungeon)
  4532 | D:7      | Reached skill level 5 in Armour
  4535 | D:7      | Reached skill level 1 in Shields
  4733 | D:7      | Found a shattered altar of Ashenzari.
  4820 | D:7      | Reached skill level 5 in Dodging
  4850 | D:7      | Noticed Duvessa
  4852 | D:7      | Noticed Dowan
  4855 | D:7      | Killed Duvessa
  4857 | D:7      | Killed Dowan
  5115 | D:8      | Found a glowing golden altar of the Shining One.
  5137 | D:8      | Reached skill level 12 in Maces & Flails
  5231 | D:8      | Noticed a cyclops
  5231 | D:8      | Noticed a brown ugly thing
  5237 | D:8      | Noticed a red ugly thing
  5443 | D:8      | Found Tilu's Food Shoppe.
  5520 | D:8      | Reached XP level 10. HP: 65/88 MP: 9/9
  5526 | D:8      | Found Ynujun's Magic Scroll Shop.
  5577 | D:8      | Bought a scroll of teleportation for 36 gold pieces
  5577 | D:8      | Bought a scroll of remove curse for 36 gold pieces
  5577 | D:8      | Bought a scroll of teleportation for 36 gold pieces
  5577 | D:8      | Bought a scroll of identify for 24 gold pieces
  5577 | D:8      | Bought a scroll of identify for 24 gold pieces
  5577 | D:8      | Bought a scroll of identify for 24 gold pieces
  6275 | D:9      | Found a flagged portal.
  6284 | Bailey   | Entered a bailey
  6402 | Bailey   | Got a pearl-encrusted ring mail
  6439 | Bailey   | Identified the +4 ring mail "Ostrutana" {rElec Str+2} (You took it off a kobold in a bailey)
  6678 | D:9      | Received a gift from Trog
  6776 | D:9      | Noticed an unseen horror
  6782 | D:9      | Killed an unseen horror
  6782 | D:9      | Reached skill level 5 in Shields
  7035 | D:10     | Entered Level 10 of the Dungeon
  7138 | D:10     | Noticed a hill giant
  7144 | D:10     | Killed a hill giant
  7144 | D:10     | Reached skill level 5 in Throwing
  7182 | D:10     | Noticed a green ugly thing
  7189 | D:10     | Killed a green ugly thing
  7189 | D:10     | Reached XP level 11. HP: 87/97 MP: 10/10
  7521 | D:10     | Noticed an unseen horror
  7532 | D:10     | Killed an unseen horror
  7532 | D:10     | Reached skill level 13 in Maces & Flails
  7911 | D:11     | Reached skill level 1 in Evocations
  7933 | D:11     | Found a frozen archway.
  7944 | D:11     | Received a gift from Trog
  7990 | D:11     | Found a shimmering altar of Xom.
  8004 | D:11     | Found a shimmering altar of Xom.
  8004 | D:11     | Found a shimmering altar of Xom.
  8035 | D:11     | Reached skill level 10 in Fighting
  8418 | D:11     | Found a staircase to the Lair.
  8523 | D:12     | Noticed a seven-headed hydra
  8675 | D:12     | Killed a seven-headed hydra
  8743 | D:12     | Found a labyrinth entrance.
  8751 | Lab      | Entered a labyrinth
  9638 | Lab      | Noticed a minotaur
  9648 | Lab      | Killed a minotaur
  9648 | Lab      | Reached skill level 5 in Evocations
  9684 | D:12     | Reached XP level 12. HP: 110/110 MP: 14/14
  9774 | D:12     | Noticed Josephine
  9779 | D:12     | Noticed a skeletal warrior
  9779 | D:12     | Noticed a skeletal warrior
  9781 | D:12     | Noticed a skeletal warrior
  9782 | D:12     | Noticed a skeletal warrior
  9782 | D:12     | Killed Josephine
  9783 | D:12     | Noticed a skeletal warrior
  9790 | D:12     | Killed a skeletal warrior
  9945 | D:11     | Killed a skeletal warrior
  9992 | D:11     | Killed a skeletal warrior
  9997 | D:11     | Killed a skeletal warrior
 10156 | D:12     | Killed a skeletal warrior
 10286 | D:12     | Found a radiant altar of Vehumet.
 10341 | D:12     | Noticed a seven-headed hydra
 10346 | D:12     | Killed a seven-headed hydra
 10380 | D:12     | Noticed a hill giant
 10385 | D:12     | Noticed a five-headed hydra
 10389 | D:12     | Killed a hill giant
 10394 | D:12     | Killed a five-headed hydra
 10540 | D:12     | Found a roughly hewn altar of Beogh.
 10652 | D:12     | Found a staircase to the Orcish Mines.
 10989 | D:12     | Reached skill level 14 in Maces & Flails
 11358 | D:12     | Received a gift from Trog
 11448 | Orc:1    | Entered Level 1 of the Orcish Mines
 11454 | Orc:1    | Noticed Snorg
 11463 | Orc:1    | Killed Snorg
 11577 | Orc:1    | Received a gift from Trog
 11591 | Orc:1    | Noticed Erolcha
 11602 | Orc:1    | Reached XP level 13. HP: 124/124 MP: 16/16
 11608 | Orc:1    | Killed Erolcha
 12164 | Orc:2    | Found a roughly hewn altar of Beogh.
 12215 | Orc:2    | Paralysed by an orc sorcerer for 3 turns
 12311 | Orc:2    | Received a gift from Trog
 12792 | D:11     | Reached skill level 15 in Maces & Flails
 12862 | Lair:1   | Entered Level 1 of the Lair of Beasts
 12879 | Lair:1   | Noticed Goblin1989's ghost (powerful VSMo)
 12890 | Lair:1   | Killed Goblin1989's ghost
 13073 | Lair:1   | Received a gift from Trog
 13540 | Lair:2   | Reached skill level 15 in Fighting
 14081 | Lair:3   | Noticed Sonja
 14295 | Lair:3   | Noticed Gastronok
 14309 | Lair:3   | Killed Gastronok
 14309 | Lair:3   | Reached skill level 16 in Maces & Flails
 14336 | Lair:3   | Killed Sonja
 14500 | Lair:3   | Reached skill level 10 in Armour
 14528 | Lair:3   | Gained mutation: You passively map a small area around you. [potion of beneficial mutation]
 15181 | Lair:4   | Noticed Nergalle
 15193 | Lair:4   | Killed Nergalle
 15206 | Lair:4   | Received a gift from Trog
 15325 | Lair:4   | Reached XP level 14. HP: 132/135 MP: 5/17
 16922 | Lair:6   | Received a gift from Trog
 17271 | Lair:6   | Reached skill level 10 in Dodging
 17278 | Lair:6   | Received a gift from Trog
 17329 | Lair:6   | Found a staircase to the Snake Pit.
 17660 | Lair:6   | Found a staircase to the Shoals.
 18549 | Lair:8   | Entered Level 8 of the Lair of Beasts
 18702 | Lair:8   | Found a shimmering altar of Xom.
 18925 | Lair:8   | Found a staircase to the Slime Pits.
 19100 | Lair:8   | Received a gift from Trog
 19919 | Orc:3    | Received a gift from Trog
 19994 | Orc:3    | Found a staircase to the Elven Halls.
 20006 | Orc:3    | Reached XP level 15. HP: 141/141 MP: 6/18
 20056 | Orc:3    | Found a roughly hewn altar of Beogh.
 20309 | Orc:4    | Entered Level 4 of the Orcish Mines
 20356 | Orc:4    | Found a flickering gateway to a bazaar.
 20365 | Bazaar   | Entered a bazaar
 20365 | Bazaar   | Found Hoothryly's General Store.
 20365 | Bazaar   | Found Qutwagumn's General Store.
 20365 | Bazaar   | Found Fahucaem's Gadget Shop.
 20365 | Bazaar   | Found Vaekien's Book Shop.
 20382 | Bazaar   | Bought a wand of heal wounds (5) for 648 gold pieces
 20384 | Bazaar   | Bought a scroll of teleportation for 36 gold pieces
 20384 | Bazaar   | Bought a scroll of teleportation for 36 gold pieces
 20535 | Orc:4    | Noticed Azrael
 20542 | Orc:4    | Killed Azrael
 20696 | Orc:4    | Noticed Saint Roka
 20713 | Orc:4    | Killed Saint Roka
 20713 | Orc:4    | Reached skill level 17 in Maces & Flails
 20924 | Orc:4    | Received a gift from Trog
 20928 | Orc:4    | Found a roughly hewn altar of Beogh.
 20975 | Orc:4    | Found Obeqab's Magic Scroll Shop.
 21006 | Orc:4    | Bought a scroll of enchant weapon for 112 gold pieces
 21006 | Orc:4    | Bought a scroll of enchant weapon for 112 gold pieces
 21006 | Orc:4    | Bought a scroll of blinking for 112 gold pieces
 21013 | Orc:4    | Found Buhustricw's Jewellery Emporium.
 21018 | Orc:4    | Paralysed by an orc sorcerer for 2 turns
 21113 | Orc:4    | Found Ecaeck's Magic Scroll Emporium.
 21130 | Orc:4    | Bought a scroll of enchant armour for 112 gold pieces
 21135 | Orc:4    | Found Pelut's Gadget Shop.
 21206 | Orc:4    | Bought an uncursed amulet of clarity for 280 gold pieces
 21507 | D:13     | Found a radiant altar of Vehumet.
 21655 | D:13     | Received a gift from Trog
 22271 | D:14     | Reached skill level 18 in Maces & Flails
 22502 | D:14     | Noticed Roxanne
 22526 | D:14     | Killed Roxanne
 22592 | D:14     | Found a gate to the Vaults.
 22732 | D:14     | Received a gift from Trog
 22824 | D:15     | Entered Level 15 of the Dungeon
 23031 | D:15     | Found a staircase to the Depths.
 23052 | Depths:1 | Entered Level 1 of the Depths
 23074 | Depths:1 | Reached XP level 16. HP: 152/152 MP: 6/19
 23250 | Depths:1 | Found a one-way gate to the infinite horrors of the Abyss.
 23296 | Depths:1 | Reached skill level 19 in Maces & Flails
 23314 | Depths:1 | Received a gift from Trog
 23432 | Depths:1 | Received a gift from Trog
 23445 | Depths:1 | Paralysed by an ogre mage for 3 turns
 23964 | Depths:1 | Found a shattered altar of Ashenzari.
 23988 | Depths:1 | Reached skill level 10 in Throwing
 24255 | Depths:1 | Reached skill level 20 in Maces & Flails
 24337 | Depths:1 | Found a gateway to Hell.
 24369 | Depths:1 | Received a gift from Trog
 24615 | Depths:2 | Noticed a lich
 24624 | Depths:2 | HP: 6/234 [shadow dragon/bolt of negative energy (22)]
 24628 | Depths:2 | Reached XP level 17. HP: 5/163 MP: 6/20
 24629 | Depths:2 | HP: 4/244 [???[a lich] (1)]
 24631 | Depths:2 | HP: 1/244 [tormentor/nerve-wracking pain[a lich] (4)]
 24633 | Depths:2 | Killed a lich
 24801 | Depths:1 | Received a gift from Trog
 25329 | Shoals:1 | Entered Level 1 of the Shoals
 25363 | Shoals:1 | HP: 1/163 [tentacle[a kraken] (20)]
 25372 | Shoals:1 | HP: 4/163 [kraken (11)]
 25373 | Shoals:1 | Drowned by a water elemental

Vault maps used:
D:1:      roderic_octagonal_star, nrook_mini_backslash
D:2:      st_stairs_4, uniq_terence, uniq_jessica, uniq_iyjb
D:3:      gammafunk_temple_overflow_claw, nrook_uturn
D:4:      zin_angel, minmay_temple_entry_butterflies, first_bread
D:5:      basic_altar, serial_shops, kennysheep_little_box, shop, shop, shop,
          kennysheep_mini_moat, led_sif_pool
D:6:      uniq_prince_ribbit1
D:7:      old_forge, nicolae_overflow_crystal_walls, basic_altar,
          roderic_curled_sauvastika, grunt_livestock, nicolae_sextant,
          uniq_duvessa
D:8:      serial_shops, nicolae_shop_stone, shop, basic_altar,
          onia_ninara_dug_in_and_dangerous
D:9:      enter_bailey_3, minivault_4, roderic_serpentine_path
D:11:     grunt_lair_entry_elf_guard_hut, portal_ice_cave_entry_pillars_01,
          xom_redecorated
D:12:     david_orc_5, lab_entry_generic, basic_altar, spider_trap,
          uniq_josephine
D:13:     basic_altar, minmay_misc_feat_alley
D:14:     david_vaults_5, hangedman_decor_diamond_cutter, uniq_roxanne
D:15:     grunt_enter_depths_magical_seal, minmay_fountain_box
Lair:2:   guppyfry_lair_drakes
Lair:3:   roderic_batcave, grunt_megastairs_3, serial_bayou_shore_a,
          uniq_gastronok, uniq_sonja
Lair:4:   serial_bayou_lagoon_a, uniq_nergalle
Lair:5:   pond
Lair:6:   pond_and_an_island_with_a_cottage, elwin_shoals_entry_rooms,
          guppyfry_snake_entry_island, st_stairs_3
Lair:7:   serial_bayou, serial_bayou_pond_e, serial_bayou_pond_e,
          serial_bayou_ford_a, serial_bayou_pond_a, wad_woods_road_03
Lair:8:   minmay_lair_end_enchanted_forest, dpeg_slime_entry_corner, basic_altar
Orc:1:    lemuel_ogre_cave, abandoned_shop, nicolae_orc_pool_cavern, uniq_snorg
Orc:2:    basic_altar, nicolae_orc_damp_corner
Orc:3:    basic_altar
Orc:4:    st_orc_town, serial_shops, bzr_firewalk, uniq_saint_roka, uniq_azrael
Depths:1: abyss_entry_small_statue_room, grunt_decor_mini_mirrors,
          grunt_hell_horde, evilmike_ruin_ashenzari
Depths:2: nrook_guardian_serpent_snake_passage, enter_ziggurat_e, special_room,
          hell_entry, minmay_room_of_horrors, minmay_stone_trees_medium,
          minmay_staircase_windowed_small
Lab:      nicolae_lab_dead_adventurers
Bazaar:   bazaar_minmay_generic_box
Bailey:   bailey_axe_1, bailey

Action                   |  1- 3 |  4- 6 |  7- 9 | 10-12 | 13-15 | 16-18 || total
-------------------------+-------+-------+-------+-------+-------+-------++-------
Melee: Mace              |    73 |    65 |       |       |       |       ||   138
       Morningstar       |       |    47 |   217 |   503 |   321 |       ||  1088
       Demon whip        |       |       |       |       |   896 |   457 ||  1353
       Flail             |       |       |       |       |    41 |       ||    41
Throw: Tomahawk          |       |       |    10 |    38 |     2 |       ||    50
       Javelin           |       |       |     3 |     4 |    11 |    30 ||    48
Invok: Berserk           |     1 |     1 |     1 |     2 |     2 |     5 ||    12
       Trog's Hand       |       |       |     2 |     2 |     1 |     1 ||     6
       Burn Spellbooks   |       |       |       |     1 |     6 |     1 ||     8
       Brothers in Arms  |       |       |       |       |     1 |     3 ||     4
Evoke: Wand              |       |       |       |       |     3 |     7 ||    10
  Use: Scroll            |     2 |    14 |     3 |    12 |    16 |     6 ||    53
       Potion            |       |       |       |     2 |     1 |     4 ||     7
  Eat: Chunk             |     1 |     7 |     7 |    16 |    26 |       ||    57
       Fruit             |       |       |     1 |     9 |     8 |     3 ||    21
       Pizza             |       |       |     2 |       |     6 |       ||     8
       Bread ration      |       |       |       |     1 |       |       ||     1
       Beef jerky        |       |       |       |       |       |     2 ||     2
       Meat ration       |       |       |       |       |       |     2 ||     2
